 Dungeon Crawl Stone Soup version 0.30-a0-862-g1aabd4f9c5 (webtiles) character file.

Game seed: 5914512196399516199

146006 cforsyth the Earth Mage (level 16, 0/100 HPs)
             Began as a Deep Elf Earth Elementalist on Mar 9, 2023.
             Was a High Priest of Vehumet.
             Killed from afar by a shock serpent (2 damage)
             ... with an electric aura
             ... on level 2 of the Snake Pit.
             The game lasted 01:29:57 (42193 turns).

cforsyth the Earth Mage (DEEE)                     Turns: 42193, Time: 01:29:58

Health: 0/100      AC: 11    Str: 11    XL:     16   Next: 88%
Magic:  26/48      EV: 25    Int: 29    God:    Vehumet [*****.]
Gold:   2514       SH:  5    Dex: 15    Spells: 27/49 levels left

rFire   . . .      SeeInvis .    b - +10 arbalest of Callousness {drain, +Blink rPois}
rCold   + + +      Faith    .    (shield currently unavailable)
rNeg    . . .      Spirit   .    x - +1 robe of Urui {+Blink Fly Str+3 Archmagi}
rPois   +          Reflect  +    v - +1 helmet
rElec   .          Rampage  .    F - +2 cloak
rCorr   .          Archmagi +    V - +1 pair of gloves {Stlth+}
Will    +....                    c - +0 pair of boots
Stlth   +++                      w - amulet of Ignis's Delight {Reflect Fragile +Inv rC+++ Str+3 SH+5}
HPRegen 0.36/turn                P - +5 ring of evasion
MPRegen 0.31/turn                O - ring of magical power

@: flying
A: no striking features
a: Renounce Religion, Evoke Blink, Evoke Invisibility


You were on level 2 of the Snake Pit.
You worshipped Vehumet.
Vehumet was extremely pleased with you.
You visited 4 branches of the dungeon, and saw 24 of its levels.
You also visited: Bailey and Gauntlet.

You collected 3556 gold pieces.
You spent 1042 gold pieces at shops.

Inventory:

Hand Weapons
 a - the +4 mace "Saih" {holy, MP+9}
   (You found it on level 7 of the Dungeon)

   MP:        It affects your magic capacity (+9).
 b - the +10 arbalest of Callousness (weapon) {drain, +Blink rPois}
   (You took it off a minotaur in a Gauntlet)

   rPois:     It protects you from poison.
   +Blink:    It lets you blink.
Missiles
 i - 4 throwing nets
Armour
 c - a +0 pair of boots (worn)
 v - a +1 helmet (worn)
 x - the +1 robe of Urui (worn) {+Blink Fly Str+3 Archmagi}
   (You found it on level 4 of the Dungeon)

   Str:       It affects your strength (+3).
   Fly:       It grants you flight.
   +Blink:    It lets you blink.
   Archmagi:  It increases the power of your magical spells.
 F - a +2 cloak (worn)
 V - a +1 pair of gloves of stealth (worn)
Jewellery
 f - a ring of see invisible
 p - a +5 ring of evasion
 q - a ring of positive energy
 w - the amulet of Ignis's Delight (around neck) {Reflect Fragile +Inv rC+++ Str+3 SH+5}
   (You found it in a Gauntlet)

   [amulet of reflection]

   It reflects blocked missile attacks.
   Str:       It affects your strength (+3).
   rC:        It renders you almost immune to cold.
   +Inv:      It lets you turn invisible.
   Fragile:   It will be destroyed if unequipped.
   SH:        It affects your SH (+5).
 M - a ring of flight
 O - a ring of magical power (right hand)
 P - a +5 ring of evasion (left hand)
 T - a ring of magical power
 U - a +6 ring of intelligence
 Y - a +6 ring of dexterity
Wands
 A - a wand of iceblast (28)
 B - a wand of digging (6)
 E - a wand of charming (9)
 I - a wand of flame (94)
 J - a wand of quicksilver (23)
 Q - a wand of polymorph (2)
Scrolls
 g - 6 scrolls of blinking
 n - 5 scrolls of poison
 o - 3 scrolls of torment
 r - 2 scrolls of acquirement
 t - 3 scrolls of identify
 y - 3 scrolls of immolation
 C - 7 scrolls of magic mapping
 R - 6 scrolls of teleportation
 S - 5 scrolls of enchant armour
 X - 5 scrolls of fog
Potions
 d - 4 potions of mutation
 e - 6 potions of attraction
 j - 12 potions of heal wounds
 k - 3 potions of haste
 l - 3 potions of magic
 m - 14 potions of curing
 s - 2 potions of cancellation
 u - 3 potions of lignification
 z - 8 potions of flight
 D - 4 potions of brilliance
 G - 4 potions of berserk rage
 H - a potion of invisibility
 L - a potion of resistance
 Z - a potion of ambrosia


   Skills:
 - Level 11.0 Fighting
 - Level 15.4 Dodging
 - Level 2.4 Stealth
 - Level 17.2 Spellcasting
 - Level 13.8 Conjurations
 - Level 1.1 Transmutations
 + Level 19.6 Earth Magic


You had 27 spell levels left.
You knew the following spells:

 Your Spells              Type           Power      Damage    Failure   Level
a - Sandblast             Erth           100%       2d20      0%          1
b - Stone Arrow           Conj/Erth      100%       3d13      0%          3
c - Iron Shot             Conj/Erth      55%        9d10      1%          6
d - Mephitic Cloud        Conj/Pois/Air  67%        N/A       1%          3
e - Sticky Flame          Conj/Fire      78%        2d9       1%          4
f - Lee's Rapid Deconstr  Erth           59%        3d27*     0%          5

Your spell library contained the following spells:

 Spells                   Type           Power      Damage    Failure   Level
 Maxwell's Capacitive Co  Air            18%        ∞         100%        8
 Beastly Appendage        Tmut           94%        N/A       1%          1
 Passwall                 Tmut/Erth      75%        N/A       1%          2
 Wereblood                Tmut           47%        N/A       1%          2
 Inner Flame              Hex/Fire       37%        N/A       1%          3
 Flame Wave               Conj/Fire      78%        2d17      1%          4
 Petrify                  Tmut/Erth      91%        N/A       1%          4
 Irradiate                Conj/Tmut      40%        3d25      1%          5
 Blink                    Tloc           74%        N/A       2%          2
 Ensorcelled Hibernation  Hex/Ice        74%        N/A       2%          2
 Lehudib's Crystal Spear  Conj/Erth      55%        10d13     3%          8
 Spider Form              Tmut/Pois      42%        N/A       4%          3
 Gell's Gravitas          Tloc           37%        N/A       5%          3
 Teleport Other           Tloc           37%        N/A       5%          3
 Anguish                  Hex/Necr       18%        N/A       19%         4
 Manifold Assault         Tloc           37%        N/A       19%         4
 Blade Hands              Tmut           23%        N/A       32%         5
 Dispersal                Tloc           18%        N/A       95%         6
 Dragon Form              Tmut           23%        N/A       100%        7
 Storm Form               Tmut/Air       21%        N/A       100%        7


Dungeon Overview and Level Annotations

Branches:
Dungeon (15/15)            Temple (0/1) D:4            Lair (5/5) D:8
 Shoals (0/4) Lair:3        Snake (2/4) Lair:3        Slime (0/5) Lair:4
    Orc (2/2) D:11            Elf (0/3) Orc:2        Vaults (0/5) D:14
 Depths (0/4) D:15         Bailey (visited)         Gauntlet (visited)

Altars:
Ashenzari
Cheibriados
Elyvilon
Gozag
Hepliaklqana
Makhleb
Nemelex Xobeh
Okawaru
Ru
Sif Muna
Trog
Vehumet
Wu Jian
Xom
The Shining One
Jiyva

Shops:
D:9 *   D:10 =   Orc:2 ?*!!

Portals:
Trove: D:13 (give +4 fire dragon scales)

Annotations:
D:12 2 transporters, exclusion: oklob plant, FexLirch's ghost, journeyman GnWn


Message History

You feel a surge of power!
The stone arrow misses the shock serpent.
You feel a surge of power!
The stone arrow hits the shock serpent!
The shock serpent is moderately wounded.
The shock serpent's electric aura discharges, shocking you!
The shock serpent shoots out a bolt of lightning at you!
The bolt of electricity hits you!!
You feel a surge of power!
The stone arrow misses the shock serpent.
The shock serpent shoots out a bolt of lightning at you!
The bolt of electricity misses you.
You feel a surge of power!
The stone arrow misses the shock serpent.
You block the shock serpent's attack.
The shock serpent shoots out a bolt of lightning at you!
The bolt of electricity hits you!!
You feel a surge of power!
The stone arrow misses the shock serpent.
You block the shock serpent's attack.
You feel a surge of power!
The stone arrow hits the shock serpent!!
The shock serpent is almost dead.
The shock serpent's electric aura discharges, shocking you!
The shock serpent shoots out a bolt of lightning at you!
The bolt of electricity hits you!!
* * * LOW HITPOINT WARNING * * *
The shock serpent shoots out a bolt of lightning at you!
The bolt of electricity hits you!
* * * LOW HITPOINT WARNING * * *
Casting: Stone Arrow (safe; 0% risk of failure)
Confirm with . or Enter, or press ? or * to list all spells.
Aiming: Iron Shot (mildly dangerous; 1% risk of failure)
Press: ? - help, Shift-Dir - straight line, f/p - shock serpent
Aim: a shock serpent (almost dead, 66% to hit)
You feel a surge of power!
The iron shot hits the shock serpent!!!
You kill the shock serpent!
Vehumet accepts your kill.
You feel your power returning.
The air sparks with electricity, shocking you!
You die...

# .# ###N### ##.....##
##.S.....## #.)#####$.#
##[##...##.##
#..[.....@..# ..
#######).#.....#†.## ...
##.8.##..##.8.8.##..##...
#.....#..#..[....#..#..
#8.>..†..#...<...#....
#.....#..#....)..#..#.#
##.8.##..##.8)8)##..###
#######..#.....#).#
#..[........#


There were no monsters in sight!

Vanquished Creatures
  Jorgrun (D:14)
  Louise (D:14)
  Aizul (Snake:2)
  Nessos (D:14)
  A minotaur (Gauntlet)
  A dire elephant (D:15)
  Snorg (D:12)
  Josephine (D:14)
  2 fire dragons
  A great orb of eyes (shapeshifter) (D:14)
  Harold (D:10)
  The ghost of Darius099 the Severer, a journeyman MiFi of Okawaru (D:11)
  A vault guard (D:14)
  8 hydras
  A catoblepas (D:14)
  A great orb of eyes (D:15)
  4 centaur warriors
  7 anacondas
  3 ogre magi
  12 two-headed ogres
  4 boulder beetles
  A death knight (D:14)
  An alligator (Lair:5)
  5 naga warriors
  2 tengu warriors
  A skyshark (Lair:5)
  4 naga sharpshooters
  Urug (Lair:1)
  4 shock serpents
  A soul eater (Gauntlet)
  2 salamander mystics
  11 skeletal warriors
  A swamp dragon (Lair:5)
  The ghost of cforsyth the Thaumaturge, a novice DEEE of Vehumet (D:7)
  2 naga ritualists (Snake:1)
  A wizard (D:14)
  2 deep trolls
  2 harpies (Lair:3)
  3 mana vipers
  4 deep elf pyromancers
  3 orc knights
  A wolf spider (D:15)
  3 salamanders
  An orc sorcerer (Orc:1)
  A shining eye (Gauntlet)
  13 ugly things
  4 manticores
  9 cyclopes
  4 elephants
  A moth of wrath (D:11)
  2 salamanders (shapeshifter)
  23 black mambas
  A guardian serpent (Snake:1)
  4 gargoyles
  2 naga magi (Snake:1)
  2 torpor snails (Lair:4)
  A large abomination (Gauntlet)
  14 cane toads
  An unseen horror (D:9)
  5 rime drakes
  21 komodo dragons
  2 kobold demonologists
  A rime drake (shapeshifter) (D:14)
  2 efreet
  A tengu conjurer (D:13)
  16 trolls
  10 polar bears
  16 blink frogs
  A tarantella (shapeshifter) (D:14)
  Prince Ribbit (D:6)
  13 dream sheep
  A culicivora (shapeshifter) (D:14)
  7 slime creatures
  Sigmund (D:6)
  69 yaks
  3 vampires
  4 wyverns
  5 wraiths
  3 fire bats (Orc:2)
  Grum (D:8)
  15 basilisks
  9 vampire mosquitoes
  4 steam dragons
  The ghost of domi the Conjurer, an amateur DsCj (D:3)
  Menkaure (D:6)
  9 nagas
  8 wargs
  3 acid dragons
  15 water moccasins
  2 floating eyes
  15 hell hounds (Lair:5)
  An ice beast (D:8)
  35 orc warriors
  2 swamp drakes (Lair:5)
  2 sky beasts (D:8)
  12 black bears
  30 wolves
  33 ogres
  A small abomination (Gauntlet)
  A boggart (D:14)
  5 centaurs
  A phantom (D:6)
  4 kobold brigands
  2 gnoll sergeants
  14 bullfrogs
  2 scorpions
  3 killer bees (D:5)
  3 electric eels
  12 howler monkeys
  24 orc priests
  6 hounds
  5 gnoll boudas
  7 iguanas
  21 orc wizards
  21 gnolls
  6 adders
  4 shadow imps (Gauntlet)
  2 white imps
  2 ufetubi
  3 worms
  2 dart slugs
  80 orcs
  5 endoplasms
  3 giant cockroaches
  20 goblins
  9 hobgoblins
  4 jackals (D:2)
  25 kobolds
  3 quokkas
  7 ball pythons
  8 bats
  2 frilled lizards (D:3)
  7 rats
897 creatures vanquished.

Vanquished Creatures (others)
  A salamander (Snake:2)
  A swamp drake (Lair:5)
  A demonic plant (D:2)
  26 fungi
  121 plants
150 creatures vanquished.

Grand Total: 1047 creatures vanquished

Notes
Turn   | Place    | Note
-------+----------+-------------------------------------------
     0 | D:1      | cforsyth the Deep Elf Earth Elementalist began the quest
                  | for the Orb.
     0 | D:1      | Reached XP level 1. HP: 10/10 MP: 6/6
   230 | D:1      | Reached XP level 2. HP: 10/15 MP: 3/8
   636 | D:1      | Reached skill level 4 in Earth Magic
   755 | D:1      | Found a faded altar of an unknown god.
  1001 | D:2      | Reached XP level 3. HP: 19/19 MP: 7/10
  1005 | D:2      | Identified the +3 leather armour "Zyar" {Rampage rElec
                  | Str-5 Dex+2}
  1187 | D:2      | Found a radiant altar of Vehumet.
  1192 | D:2      | Became a worshipper of Vehumet
  1942 | D:3      | Found a shimmering altar of Xom.
  1962 | D:3      | Found a snail-covered altar of Cheibriados.
  2046 | D:3      | Reached XP level 4. HP: 24/24 MP: 8/12
  2157 | D:3      | Noticed domi's ghost (amateur DsCj)
  2158 | D:3      | Found a transporter.
  2158 | D:3      | Found a transporter.
  2158 | D:3      | Noticed an ogre
  2161 | D:3      | Noticed an ogre
  2168 | D:3      | Reached * piety under Vehumet
  2168 | D:3      | Offered knowledge of Kiss of Death by Vehumet.
  2301 | D:3      | Reached skill level 5 in Spellcasting
  2653 | D:4      | Identified the +1 robe of Urui {+Blink Fly Str+3 Archmagi}
  2660 | D:4      | Found a staircase to the Ecumenical Temple.
  2662 | D:4      | Noticed an ogre
  2667 | D:4      | Killed an ogre
  2668 | D:4      | Reached skill level 5 in Earth Magic
  2668 | D:4      | Reached XP level 5. HP: 28/28 MP: 11/15
  3375 | D:5      | Entered Level 5 of the Dungeon
  3406 | D:5      | Reached XP level 6. HP: 32/32 MP: 15/17
  3515 | D:5      | Noticed a water moccasin
  3536 | D:5      | Reached skill level 6 in Earth Magic
  3855 | D:5      | Reached XP level 7. HP: 36/36 MP: 15/19
  3944 | D:5      | Learned a level 3 spell: Stone Arrow
  4004 | D:5      | Reached skill level 7 in Earth Magic
  4551 | D:6      | Found an opulent altar of Gozag.
  4801 | D:6      | Offered knowledge of Foxfire by Vehumet.
  4802 | D:6      | Reached ** piety under Vehumet
  4844 | D:6      | Reached XP level 8. HP: 32/41 MP: 23/23
  4895 | D:6      | Reached skill level 8 in Earth Magic
  4896 | D:6      | Noticed Sigmund
  5030 | D:6      | Killed Sigmund
  5031 | D:6      | Noticed Prince Ribbit
  5040 | D:6      | Killed Prince Ribbit
  5041 | D:6      | Reached skill level 10 in Spellcasting
  5126 | D:6      | Reached skill level 9 in Earth Magic
  5261 | D:6      | Reached XP level 9. HP: 45/45 MP: 22/26
  5309 | D:6      | Offered knowledge of Ignite Poison by Vehumet.
  5422 | D:6      | Reached skill level 10 in Earth Magic
  5662 | D:6      | Reached *** piety under Vehumet
  5663 | D:6      | Reached skill level 11 in Earth Magic
  5860 | D:6      | Noticed Menkaure
  6191 | D:6      | Offered knowledge of Mephitic Cloud by Vehumet.
  6196 | D:6      | Learned a level 3 spell: Mephitic Cloud
  6198 | D:6      | Reached XP level 10. HP: 40/50 MP: 29/29
  6559 | D:6      | Noticed a two-headed ogre
  6673 | D:6      | Killed Menkaure
  6674 | D:6      | Reached skill level 12 in Earth Magic
  6764 | D:7      | Found a white marble altar of Elyvilon.
  6912 | D:7      | Found a runed translucent gate.
  6915 | D:7      | Found a runed translucent gate.
  6916 | D:7      | Found a runed translucent gate.
  6917 | D:7      | Noticed cforsyth's ghost (novice DEEE)
  7078 | D:7      | Identified the +4 mace "Saih" {holy, MP+9}
  7119 | D:7      | Found a glowing golden altar of the Shining One.
  7222 | D:7      | Reached skill level 1 in Fighting
  8046 | D:8      | Reached **** piety under Vehumet
  8050 | D:8      | Reached skill level 5 in Dodging
  8299 | D:8      | Offered knowledge of Lightning Bolt by Vehumet.
  8299 | D:8      | Noticed Grum
  8304 | D:8      | Killed Grum
  8650 | D:8      | Found a staircase to the Lair.
  9291 | D:9      | Found a shimmering blue altar of Sif Muna.
  9329 | D:9      | Reached XP level 11. HP: 56/62 MP: 27/30
  9575 | D:9      | Found Elua's General Store.
  9590 | D:9      | Found a sacrificial altar of Ru.
  9679 | D:9      | Reached skill level 5 in Fighting
 10265 | D:10     | Entered Level 10 of the Dungeon
 10291 | D:10     | Identified a scroll of acquirement
 10299 | D:10     | Found a flagged portal.
 10354 | D:10     | Found Hatzaopt's Jewellery Emporium.
 10394 | Bailey   | Entered a bailey
 10401 | Bailey   | Noticed an orc knight
 10421 | Bailey   | Noticed an orc knight
 10463 | Bailey   | Reached ***** piety under Vehumet
 10617 | Bailey   | Identified the amulet of Freedom {Regen+ Stlth+}
 10659 | Bailey   | Offered knowledge of Iron Shot by Vehumet.
 10675 | Bailey   | Learned a level 6 spell: Iron Shot
 10867 | Bailey   | Killed an orc knight
 10955 | Bailey   | Killed an orc knight
 11478 | D:10     | Found a sparkling altar of Nemelex Xobeh.
 11507 | D:10     | Found a hazy altar of Hepliaklqana.
 11582 | D:10     | Found an ornate altar of the Wu Jian Council.
 11624 | D:10     | Found an iron altar of Okawaru.
 11632 | D:10     | Found a broken altar of Ashenzari.
 11845 | D:10     | Reached skill level 10 in Dodging
 11846 | D:10     | Noticed Harold
 12241 | D:10     | Killed Harold
 12856 | D:11     | Found a staircase to the Orcish Mines.
 12866 | D:11     | Found a gate leading to a gauntlet.
 12918 | Gauntlet | Entered a Gauntlet
 12918 | Gauntlet | Found a transporter.
 12918 | Gauntlet | Found a transporter.
 12927 | Gauntlet | Noticed a soul eater
 12933 | Gauntlet | Found a transporter.
 12948 | Gauntlet | Noticed a shining eye
 12949 | Gauntlet | Found a transporter.
 12949 | Gauntlet | Found a transporter.
 12952 | Gauntlet | Found a transporter.
 12952 | Gauntlet | Found a transporter.
 12953 | Gauntlet | Noticed a reaper
 12953 | Gauntlet | Noticed a large abomination
 12964 | Gauntlet | Found a transporter.
 12982 | Gauntlet | Found a transporter.
 13022 | Gauntlet | Noticed a death drake
 13024 | Gauntlet | Found a transporter.
 13028 | Gauntlet | Found a runed translucent door.
 13042 | Gauntlet | Found a transporter.
 13058 | Gauntlet | Found a transporter.
 13061 | Gauntlet | Found a transporter.
 13070 | Gauntlet | Found a runed translucent door.
 13070 | Gauntlet | Found a runed translucent door.
 13074 | Gauntlet | Found a transporter.
 13180 | Gauntlet | Killed a soul eater
 13403 | Gauntlet | Killed a shining eye
 13510 | Gauntlet | Learned a level 4 spell: Sticky Flame
 13527 | Gauntlet | Identified the amulet of Ignis's Delight {Reflect Fragile
                  | +Inv rC+++ Str+3 SH+5}
 13536 | Gauntlet | Reached XP level 12. HP: 28/72 MP: 16/31
 13647 | Gauntlet | Identified the +10 arbalest of Callousness {drain, +Blink
                  | rPois}
 13647 | Gauntlet | Identified the +9 mace of Eternal Vigilance {pain, rF-
                  | rCorr Str+3 Int+4}
 13647 | Gauntlet | Noticed a minotaur
 13651 | Gauntlet | Killed a minotaur
 13749 | D:11     | Found a bloodstained altar of Trog.
 13749 | D:11     | Noticed Darius099's ghost (journeyman MiFi)
 13750 | D:11     | Noticed a tengu warrior
 13750 | D:11     | Noticed a two-headed ogre
 13760 | D:11     | Found a transporter.
 13812 | D:11     | Found a transporter.
 14669 | D:12     | Noticed Snorg
 14676 | D:12     | Killed Snorg
 14936 | D:11     | Offered knowledge of Lee's Rapid Deconstruction by Vehumet.
 14946 | D:11     | Learned a level 5 spell: Lee's Rapid Deconstruction
 15350 | D:12     | Found a transporter.
 15354 | D:12     | Noticed FexLirch's ghost (journeyman GnWn)
 15355 | D:12     | Noticed a two-headed ogre
 15360 | D:12     | Noticed a two-headed ogre
 16084 | D:12     | Found a transporter.
 16110 | D:12     | Noticed a centaur warrior
 16482 | D:3      | Killed domi's ghost
 16485 | D:3      | Reached XP level 13. HP: 79/82 MP: 25/32
 16657 | D:7      | Reached skill level 10 in Fighting
 16765 | D:7      | Killed cforsyth's ghost
 17015 | Lair:1   | Entered Level 1 of the Lair of Beasts
 17641 | Lair:1   | Noticed Urug
 17646 | Lair:1   | Killed Urug
 17956 | Lair:1   | You are sucked into a shaft and drop 1 floor!
 18048 | Lair:2   | Reached skill level 15 in Dodging
 19172 | Lair:1   | Reached skill level 1 in Conjurations
 21366 | Lair:3   | Reached XP level 14. HP: 81/90 MP: 9/34
 21625 | Lair:3   | Reached skill level 15 in Spellcasting
 22038 | Lair:3   | Reached skill level 13 in Earth Magic
 22042 | Lair:3   | Reached skill level 5 in Conjurations
 22389 | Lair:3   | Found a staircase to the Snake Pit.
 22422 | Lair:3   | Offered knowledge of Irradiate by Vehumet.
 22974 | Lair:3   | Found a staircase to the Shoals.
 23665 | Lair:4   | Got Sif Muna's Volume of Oromancy
 24201 | Lair:4   | Found a viscous altar of Jiyva.
 24202 | Lair:4   | Found a staircase to the Slime Pits.
 25263 | Lair:4   | Found the Hermit's Pendant {Faith Invo=14 Evo=0 MP+5}
 25413 | Lair:5   | Entered Level 5 of the Lair of Beasts
 25416 | Lair:5   | Reached skill level 14 in Earth Magic
 26124 | Lair:5   | Offered knowledge of Freezing Cloud by Vehumet.
 27450 | Lair:5   | Reached XP level 15. HP: 89/94 MP: 23/38
 28422 | Orc:1    | Entered Level 1 of the Orcish Mines
 28451 | Orc:1    | Offered knowledge of Ozocubu's Refrigeration by Vehumet.
 29141 | Orc:2    | Entered Level 2 of the Orcish Mines
 29156 | Orc:2    | Reached skill level 15 in Earth Magic
 29578 | Orc:1    | Reached skill level 10 in Conjurations
 29765 | Orc:2    | Found Gezatwa's Distillery.
 29766 | Orc:2    | Found Suighoma's Assorted Antiques.
 29767 | Orc:2    | Found Fenicoed's Magic Scroll Emporium.
 29930 | Orc:2    | Found Laalic's Distillery.
 30069 | Orc:2    | Bought a scroll of teleportation for 36 gold pieces
 30069 | Orc:2    | Bought a scroll of teleportation for 36 gold pieces
 30069 | Orc:2    | Bought a scroll of teleportation for 36 gold pieces
 30069 | Orc:2    | Bought a scroll of blinking for 90 gold pieces
 30069 | Orc:2    | Bought a scroll of blinking for 90 gold pieces
 30122 | Orc:2    | Found a staircase to the Elven Halls.
 30195 | Orc:2    | Offered knowledge of Conjure Ball Lightning by Vehumet.
 30493 | Orc:2    | Found a burning altar of Makhleb.
 31605 | Orc:2    | Bought a crude lajatang for 520 gold pieces
 31605 | Orc:2    | Identified the +1 lajatang of Kismet {drain, *Noise rC-
                  | rN+++ rCorr} (You bought it in a shop on level 2 of the
                  | Orcish Mines)
 31605 | Orc:2    | Bought a polished ring mail for 234 gold pieces
 31605 | Orc:2    | Identified the +5 ring mail of Makhleb's Envy {rPois Str+3}
                  | (You bought it in a shop on level 2 of the Orcish Mines)
 32571 | D:13     | Reached skill level 16 in Earth Magic
 33209 | D:13     | Found a portal to a secret trove of treasure.
 33686 | D:11     | Found a transporter.
 33692 | D:11     | Found a transporter.
 33698 | D:11     | Found a bloodstained altar of Trog.
 33796 | D:11     | Killed Darius099's ghost
 34067 | D:14     | Noticed Louise
 34080 | D:14     | Noticed Josephine
 34083 | D:14     | Killed Josephine
 34402 | D:14     | Noticed Jorgrun
 34405 | D:14     | Killed Jorgrun
 34522 | D:14     | Noticed Nessos
 34524 | D:14     | Killed Nessos
 34665 | D:15     | Entered Level 15 of the Dungeon
 34989 | D:14     | Killed Louise
 35242 | D:14     | Reached XP level 16. HP: 100/100 MP: 39/39
 35418 | D:14     | Reached skill level 17 in Earth Magic
 35473 | D:14     | Offered knowledge of Maxwell's Capacitive Coupling by
                  | Vehumet.
 36270 | D:14     | Found a gate to the Vaults.
 36930 | D:15     | Found a staircase to the Depths.
 37483 | Snake:1  | Entered Level 1 of the Snake Pit
 38155 | Snake:1  | Reached skill level 18 in Earth Magic
 38785 | Snake:1  | Identified the +7 chain mail "Petraogiche" {rF+ rCorr}
 40373 | Snake:2  | Noticed Aizul
 41041 | Snake:2  | Reached skill level 19 in Earth Magic
 41689 | Snake:2  | Killed Aizul
 42192 | Snake:2  | HP: 2/100 [shock serpent/bolt of electricity (12)]
 42193 | Snake:2  | Killed from afar by a shock serpent

Illustrated notes

Levels and vault maps discovered:
D:1:      tarquinn_simple_flora_water_b, layout_loops_cross,
          dilly_ecumenical_altar_fadedgnrine
D:2:      layout_basic, basic_altar, dreamdust_princess_corridor,
          corexii_item_surrounded_by_moat, grunt_decor_junction
D:3:      layout_rooms, overflow_temple_1_default, lemuel_round_altar,
          gammafunk_ghost_smash
D:4:      layout_loops_corners, minmay_temple_entry_large_hall,
          kennysheep_cluttered_room
D:5:      layout_gridville, minmay_ogre_servants
D:6:      lemuel_castle_with_subvaults [lemuel_castle_interior_carwin_1],
          layout_cave_pools, grunt_gozag_statues, uniq_sigmund,
          uniq_prince_ribbit1, uniq_menkaure
D:7:      layout_cave_pods, elyvilon_altar_4, nicolae_tso_swordbearing_angel,
          biasface_ghost_orc_armoury, ebering_dispersal_statue_hall
D:8:      layout_rooms, minmay_lair_entry_grove, uniq_grum
D:9:      layout_basic, amcnicky_altar_gilded, nicolae_ru_sacrificial_ziggurat,
          serial_shops, kennysheep_mini_moat, amethyst_killhole
D:10:     layout_loops_cross, worldfamousw_hep_ancestral_shrine,
          mainiacjoe_overflow_small_starburst, mainiacjoe_overflow_24_doors,
          ashenzari_altar_1, mainiacjoe_overflow_tiny_flanked, enter_bailey_2,
          serial_shops, nicolae_shop_statue_plus, uniq_harold
D:11:     layout_roguey, david_orc_3, gauntlet_entry_generic,
          gammafunk_ghost_wrathful_warriors
D:12:     layout_cave_pools, nzn_ghost_randoct, kennysheep_pointless_box,
          dreamdust_wishing_well, uniq_snorg
D:13:     layout_roguey, nicolae_trove_entry_columns, corexii_leaking_fountain,
          nicolae_water_bricks
D:14:     layout_loops_cross, david_vaults_5, kennysheep_nub,
          serial_bayou_lagoon_a, onia_ninara_cookie, uniq_jorgrun, uniq_louise,
          uniq_josephine, uniq_nessos
D:15:     hangedman_depths_entry_try_elsewhere_first, layout_cave_pools,
          hex_large
Lair:1:   layout_long_grid, pdpol_lair_cavern_descent, grunt_megastairs_5,
          infiniplex_staircase_pool, uniq_urug
Lair:2:   layout_cave_pods, serial_bayou_shore_b, grunt_megastairs_1
Lair:3:   layout_cave_pods, nicolae_shoals_entry_roost,
          guppyfry_snake_entry_island, grunt_megastairs_3, lemuel_fruit_fields
Lair:4:   nzn_winding_woodlands_stair_cross [nzn_winding_woodlands_5x15_jagged,
          nzn_winding_woodlands_center_lodge, nzn_winding_woodlands_5x15_zeroes,
          nzn_winding_woodlands_hourglass, nzn_winding_woodlands_5x5_perimeter,
          nzn_winding_woodlands_5x15_default,
          nzn_winding_woodlands_center_diamonds,
          nzn_winding_woodlands_5x15_sidewinder], layout_gridlike, slime_entry_1
Lair:5:   guppyfry_lair_end_dragon, layout_hall_layers,
          hangedman_lair_caniforms_friends, chequers_serial_rivers_room_b,
          infiniplex_staircase_pool_2, serial_bayou_shore_b,
          serial_bayou_shore_b
Snake:1:  layout_layer_cave, hangedman_corner_corridor
Snake:2:  layout_misc_corridors, evilmike_ambush [evilmike_ambush_outer_basic,
          evilmike_ambush_inner_wall_2], serial_bayou_shore_a,
          grunt_megastairs_2, uniq_aizul
Orc:1:    layout_caves, minmay_orc_barracks
Orc:2:    st_orc_open, layout_caves, nicolae_volcano_entry_batcave,
          nicolae_orc_lava_tube, bloody_makhleb

Skill      XL: |  1  2  3  4  5  6  7  8  9 10 11 12 13 14 15 16 |
---------------+-------------------------------------------------+-----
Spellcasting   | 4 5 6 7 9 11 13 14 17 | 17.2
Earth Magic    | 4 5 6 7 9 11 12 14 16 19 | 19.6
Fighting       | 4 7 9 11 | 11.0
Dodging        | 7 11 14 15 | 15.4
Conjurations   | 4 8 12 13 | 13.8
Stealth        | |  2.4
Transmutations | |  1.1

Action                     |  1- 3 |  4- 6 |  7- 9 | 10-12 | 13-15 | 16-18 || total
---------------------------+-------+-------+-------+-------+-------+-------++-------
  Melee: Unarmed           |     1 |     1 |     1 |     5 |     1 |       ||     9
         Mace              |       |       |       |       |     8 |     4 ||    12
   Fire: Arbalest          |       |       |       |       |       |    17 ||    17
   Cast: Sandblast         |    71 |    41 |   136 |   168 |    29 |     3 ||   448
         Stone Arrow       |       |       |    20 |   231 |   934 |   238 ||  1423
         Iron Shot         |       |       |       |    41 |   108 |    63 ||   212
  Evoke: Wand              |       |       |       |       |       |     3 ||     3
    Use: Scroll            |       |     2 |     7 |    11 |    11 |     4 ||    35
         Potion            |       |     1 |       |     2 |     4 |     3 ||    10
 Armour: Robe              |     6 |     2 |    10 |    14 |   108 |    16 ||   156
  Dodge: Dodged            |     6 |     7 |    38 |   162 |   739 |   145 ||  1097
  Block: Other             |       |       |       |       |   133 |    38 ||   171
         Reflection        |       |       |       |       |     2 |     9 ||    11

Table legend: (Time is in decaauts)
 A = Elapsed time spent in this place.
 B = Non-inter-level travel time spent in this place.
 C = Inter-level travel time spent in this place.
 D = Time resting spent in this place.
 E = Time spent auto-exploring this place.
 F = Levels seen in this place.
 G = Mean time per level.
                   A        B        C        D        E       F      G
               +--------+--------+--------+--------+--------+-----+--------+
         Total |  42492 |  40429 |   2063 |  10416 |  23409 |  26 | 1634.3 |
       Dungeon |  21825 |  20325 |   1500 |   4464 |  12383 |  15 | 1455.0 |
          Lair |  11310 |  10960 |    350 |   2021 |   7518 |   5 | 2262.0 |
     Snake Pit |   4566 |   4505 |     61 |   2332 |   1744 |   2 | 2283.0 |
  Orcish Mines |   3218 |   3067 |    151 |    985 |   1556 |   2 | 1609.0 |
        Bailey |    795 |    795 |      0 |    322 |    139 |   1 |  795.0 |
      Gauntlet |    775 |    775 |      0 |    291 |     69 |   1 |  775.0 |
               +--------+--------+--------+--------+--------+-----+--------+

Top non-repeatable levels by time:
 Snake:1: 4082 daAuts
  Lair:5: 2849 daAuts
  Lair:3: 2654 daAuts
    D:11: 2645 daAuts
    D:14: 2306 daAuts
  Lair:2: 2229 daAuts
     D:6: 2075 daAuts
  Lair:4: 1894 daAuts
    D:10: 1716 daAuts
  Lair:1: 1681 daAuts
   Orc:1: 1633 daAuts
     D:8: 1627 daAuts
   Orc:2: 1585 daAuts
     D:9: 1553 daAuts
     D:7: 1510 daAuts
